 Dungeon Crawl Stone Soup version 0.31.0-11-ge490571c62 (webtiles) character file.

Game seed: 4743608354175722208

263 qw the Shooter (level 5, -8/25 (27) HPs)
             Began as a Spriggan Hunter on Feb 3, 2024.
             Mangled by a wight
             ... wielding a +2 flail
              (13 damage)
             ... on level 4 of the Dungeon.
             The game lasted 00:00:12 (1987 turns).

qw the Shooter (Spriggan Hunter)                    Turns: 1987, Time: 00:00:13

HP:   -8/25 (27)    AC:  2    Str: 13    XL:     5   Next: 98%
MP:   6/6           EV: 20    Int: 14    God:
Gold: 50            SH:  0    Dex: 20    Spells: 4/4 levels left

rFire   + . .        a - +3 shortbow
rCold   + . .        (shield currently unavailable)
rNeg    . . .        c - +0 robe
rPois   +            (helmet restricted)
rElec   .            d - scarf "Mycih" {rC+ rF+, Int+3}
rCorr   .            (gloves unavailable)
SInv    +            (boots unavailable)
Will    .....        (no amulet)
Stlth   ++           e - +6 ring of strength
HPRegen 0.24/turn    l - ring of poison resistance
MPRegen 0.10/turn

%: no passive effects
@: drained, very quick
A: very small, no large weapons, unfitting armour, see invisible, speed 3
a: no special abilities


You were on level 4 of the Dungeon.
You visited 1 branch of the dungeon, and saw 4 of its levels.

You collected 146 gold pieces.
You spent 96 gold pieces at shops.


Innate Abilities, Weirdness & Mutations

You are very small and have problems with some larger weapons.
You are too small for most types of armour.
You have supernaturally acute eyesight. (SInv)
You cover ground extremely quickly. (Speed+++)


   Skills:
 - Level 2.3 Fighting
 - Level 6.1 Ranged Weapons
 + Level 5.0 Dodging
 - Level 1.5 Stealth


You had 4 spell levels left.
You didn't know any spells.
Your spell library was empty.

Inventory:

Hand Weapons
 a - a +3 shortbow (weapon)
Armour
 c - a +0 robe (worn)
 d - the scarf "Mycih" (worn) {rC+ rF+, Int+3}
   (You acquired it on level 1 of the Dungeon)

   Int+3:     It affects your intelligence (+3).
Jewellery
 e - a +6 ring of strength (left hand)
 l - a ring of poison resistance (right hand)
Wands
 b - a wand of polymorph (8)
 p - a wand of flame (6)
Scrolls
 j - 2 scrolls of enchant armour
Potions
 f - a potion of attraction {unknown}
 g - a potion of mutation
 h - 4 potions of curing
 i - a potion of cancellation
 k - 4 potions of haste
 n - a potion of heal wounds
 o - a potion of enlightenment

Dungeon Overview and Level Annotations

Branches:
Dungeon (4/15)
 Temple: D:4-7

Altars:
Vehumet

Shops:
D:3 *

Annotations:
D:3 1 runed translucent door, Crazy Yiuf


Message History

A wight comes into view.
It is wielding a +4 scimitar of freezing.
Things that are here:
a +2 long sword; a +0 robe You shoot an arrow.
The arrow hits the wight!
The wight is heavily damaged.
A wight comes into view. It is wielding a +1 scimitar.
A wight comes into view. It is wielding a +2 spear.
You shoot an arrow. The arrow hits the wight.
The wight is moderately damaged.
A wight comes into view. It is wielding a +2 flail.
You shoot an arrow. The arrow hits the wight.
The wight is heavily damaged.
You shoot an arrow. The arrow barely misses the wight.
The arrow hits the wight.
The wight is lightly damaged.
Enter note:
Enter note: You shoot an arrow.
The arrow hits the wight but does no damage.
The wight is heavily damaged.
You shoot an arrow.
The arrow hits the wight but does no damage.
The wight is heavily damaged.
You shoot an arrow. The arrow hits the wight!
You destroy the wight!
Your Ranged Weapons skill increases to level 6!
You shoot an arrow. The arrow closely misses the wight.
The arrow hits the wight!
The wight is heavily damaged.
You shoot an arrow. The arrow closely misses the wight.
The arrow hits the wight.
The wight is almost destroyed.
The wight completely misses you. The wight closely misses you.
The wight hits you from afar with a +2 spear.
You feel drained. The wight closely misses you.
You shoot an arrow. The arrow hits the wight.
The wight is heavily damaged.
The wight hits you from afar with a +2 spear!
You feel drained. The wight hits you with a +2 flail!
Ouch! That really hurt!
You die...

### ... #.# . #.#
# ....####.##.##
....zzz@.....#
.#######.##..#
#.##..# #.##..#
##.###.##..#####.
#................
##.###.#.........
.......).....##
......#...##.#


You could see 3 wights.

Vanquished Creatures
  2 wights (D:4)
  Ijyb (D:3)
  Robin (D:3)
  4 adders
  3 ribbon worms (D:2)
  3 orcs (D:4)
  10 endoplasms
  2 giant cockroaches
  14 goblins
  8 hobgoblins
  3 quokkas (D:2)
  7 ball pythons
  6 bats
  5 frilled lizards
  6 kobolds
  2 rats (D:3)
77 creatures vanquished.

Notes
Turn   | Place    | Note
-------+----------+-------------------------------------------
     0 | D:1      | qw the Spriggan Hunter began the quest for the Orb.
     0 | D:1      | Reached XP level 1. HP: 10/10 MP: 2/2
     0 | D:1      | 0 ||| qw: Version: 0.3-a-155-g5e7d8dd
     0 | D:1      | 0 ||| qw: Game counter: 3234
     0 | D:1      | 0 ||| qw: Melee chars always use a shield: true
     0 | D:1      | 0 ||| qw: God list: Okawaru
     0 | D:1      | 0 ||| qw: Allow faded altars: false
     0 | D:1      | 0 ||| qw: Do Orc after clearing Dungeon:15 true
     0 | D:1      | 0 ||| qw: Do second Lair branch before Depths: true
     0 | D:1      | 0 ||| qw: Lair rune preference: random
     0 | D:1      | 0 ||| qw: Goals: Normal
     0 | D:1      | 0 ||| PLANNING D:1-11
    41 | D:1      | Reached skill level 3 in Dodging
   128 | D:1      | Reached XP level 2. HP: 14/14 MP: 3/3
   442 | D:1      | 442 ||| UPGRADING to +6 ring of strength.
   443 | D:1      | 443 ||| UPGRADING to ring of poison resistance.
   444 | D:1      | 444 ||| READING scroll labelled ZICA HINWUWAOL.
   444 | D:1      | Identified a scroll of acquirement
   444 | D:1      | 444 ||| ACQUIRING scarf "Mycih" {rC+ rF+, Int+3}
   444 | D:1      | Acquired the scarf "Mycih" {rC+ rF+, Int+3}
   446 | D:1      | 446 ||| UPGRADING to scarf "Mycih" {rC+ rF+, Int+3}.
   451 | D:1      | 451 ||| READING scroll labelled AZXEGUA ZYJIN.
   552 | D:1      | 552 ||| READING scroll labelled KURPHY YFOZ.
   557 | D:1      | 557 ||| READING 3 scrolls labelled SYDGHI JINIE.
   557 | D:1      | 557 ||| IDENTIFYING brown potion
   558 | D:1      | 558 ||| READING 2 scrolls of identify.
   558 | D:1      | 558 ||| IDENTIFYING fizzy green potion
   559 | D:1      | 559 ||| READING scroll of identify.
   559 | D:1      | 559 ||| IDENTIFYING scroll labelled MIANODWI COURO
   560 | D:1      | 560 ||| DROPPING scroll of butterflies.
   577 | D:2      | 577 ||| STAIRDANCE
   678 | D:2      | Reached XP level 3. HP: 13/18 MP: 4/4
   809 | D:2      | Reached skill level 5 in Ranged Weapons
   828 | D:2      | Reached XP level 4. HP: 22/22 MP: 5/5
   988 | D:2      | 988 ||| READING 2 scrolls of identify.
   988 | D:2      | 988 ||| IDENTIFYING metallic green potion
   989 | D:2      | 989 ||| READING scroll of identify.
   989 | D:2      | 989 ||| IDENTIFYING fizzy yellow potion
   990 | D:2      | 990 ||| READING scroll labelled KUFYD RUIRGH.
   991 | D:2      | 991 ||| READING scroll labelled HOB WIWYMI.
   992 | D:2      | 992 ||| DRINKING 3 emerald potions.
  1008 | D:3      | Noticed Robin
  1012 | D:3      | 1012 ||| STAIRDANCE
  1046 | D:3      | 1046 ||| STAIRDANCE
  1082 | D:3      | 1082 ||| STAIRDANCE
  1094 | D:3      | 1094 ||| STAIRDANCE
  1110 | D:3      | 1110 ||| STAIRDANCE
  1115 | D:3      | 1115 ||| STAIRDANCE
  1129 | D:3      | 1129 ||| STAIRDANCE
  1175 | D:3      | Killed Robin
  1327 | D:3      | Found Ipumergh's General Store.
  1338 | D:3      | 1338 ||| BUYING potion of mutation (96 gold).
  1338 | D:3      | Bought a potion of mutation for 96 gold pieces
  1338 | D:3      | 1338 ||| SHOPLISTING scroll of acquirement (624 gold, have
                  | 22).
  1338 | D:3      | 1338 ||| SHOPLISTING wand of iceblast (11) (316 gold, have
                  | 22).
  1415 | D:3      | Noticed Ijyb
  1427 | D:3      | HP: 2/23 [Ijyb/+0 dagger (6)]
  1428 | D:3      | 1428 ||| DRINKING 2 potions of heal wounds.
  1432 | D:3      | Killed Ijyb
  1433 | D:3      | Reached XP level 5. HP: 20/27 MP: 6/6
  1438 | D:3      | 1438 ||| FLEEEEING.
  1439 | D:3      | 1439 ||| FLEEEEING.
  1440 | D:3      | 1440 ||| FLEEEEING.
  1441 | D:3      | 1441 ||| FLEEEEING.
  1442 | D:3      | 1442 ||| FLEEEEING.
  1443 | D:3      | 1443 ||| FLEEEEING.
  1444 | D:3      | 1444 ||| FLEEEEING.
  1445 | D:3      | 1445 ||| FLEEEEING.
  1446 | D:3      | 1446 ||| FLEEEEING.
  1447 | D:3      | 1447 ||| FLEEEEING.
  1448 | D:3      | 1448 ||| FLEEEEING.
  1461 | D:3      | 1461 ||| FLEEEEING.
  1462 | D:3      | 1462 ||| FLEEEEING.
  1463 | D:3      | 1463 ||| FLEEEEING.
  1464 | D:3      | 1464 ||| FLEEEEING.
  1482 | D:3      | Found a runed translucent door.
  1483 | D:3      | Noticed Crazy Yiuf
  1568 | D:3      | Found a faded altar of an unknown god.
  1691 | D:3      | Found a radiant altar of Vehumet.
  1816 | D:3      | 1816 ||| READING 3 scrolls labelled ZEPPUIC TADE.
  1816 | D:3      | 1816 ||| ENCHANTING +0 shortbow.
  1817 | D:3      | 1817 ||| READING 2 scrolls of enchant weapon.
  1817 | D:3      | 1817 ||| ENCHANTING +1 shortbow.
  1818 | D:3      | 1818 ||| READING scroll of enchant weapon.
  1818 | D:3      | 1818 ||| ENCHANTING +2 shortbow.
  1819 | D:3      | 1819 ||| READING 2 scrolls labelled JESHRI DEOCA.
  1820 | D:3      | 1820 ||| DROPPING scroll of blinking.
  1985 | D:4      | Reached skill level 6 in Ranged Weapons
  1987 | D:4      | HP: 5/25 [wight/+2 spear (2)]
  1987 | D:4      | Mangled by a wight

Levels and vault maps discovered:
D:1:      ebering_hopf_link, layout_basic
D:2:      layout_rooms, minmay_small_reverse_x
D:3:      layout_loops_cross, mainiacjoe_overflow_brackets,
          hellmonk_ecumenical_altar_slurped_away, serial_shops, shop,
          chequers_serial_rivers_micro_c, uniq_crazy_yiuf_cottage, uniq_ijyb,
          uniq_robin
D:4:      layout_basic, old_standard_altar, nicolae_ashenzari_panopticon

Skill      XL: |  1  2  3  4  5 |
---------------+----------------+-----
Dodging        | 3 4 5 |  5.0
Ranged Weapons | 5 6 |  6.1
Fighting       | 2 |  2.3
Stealth        | |  1.5

Action                     |  1- 3 |  4- 6 || total
---------------------------+-------+-------++-------
   Fire: Shortbow          |   108 |   139 ||   247
    Use: Scroll            |     6 |     8 ||    14
         Potion            |       |     2 ||     2
 Armour: Robe              |     5 |    40 ||    45
  Dodge: Dodged            |    40 |    86 ||   126

Table legend:
 A = Non-vault XP
 B = Vault XP
 C = Vault XP percentage of total XP
 D = Non-vault monster count
 E = Vault monster count
 F = Vault count percentage of total count
                 A         B        C        D         E       F
            +---------+---------+-------+---------+---------+-------
      Total |     271 |     106 |  28.1 |      59 |      18 |  23.4
            +---------+---------+-------+---------+---------+-------
        D:1 |      28 |       0 |   0.0 |      19 |       0 |   0.0
        D:2 |      62 |      51 |  45.1 |      26 |      14 |  35.0
        D:3 |      24 |      55 |  69.6 |       9 |       4 |  30.8
        D:4 |     157 |       0 |   0.0 |       5 |       0 |   0.0
            +---------+---------+-------+---------+---------+-------
